 Dungeon Crawl Stone Soup version 0.31-a0-654-gbe3e110b4e (webtiles) character file.

Game seed: 828658092910479678

6276 ytrimaz the Grappler (level 10, -19/80 (83) HPs)
             Began as a Troll Shapeshifter on Aug 28, 2023.
             Was a Follower of Ru.
             Demolished by a death yak (28 damage)
             ... on level 9 of the Dungeon on Aug 29, 2023.
             The game lasted 00:10:06 (6912 turns).

ytrimaz the Grappler (Troll Shapeshifter)           Turns: 6912, Time: 00:10:06

HP:   -19/80 (83)   AC:  4    Str: 24    XL:     10   Next: 63%
MP:   9/9           EV: 10    Int:  6    God:    Ru [*.....]
Gold: 320           SH:  5    Dex: 13    Spells: 9/9 levels left

rFire   + .          .
                       - Unarmed
rCold   . . .        (shield currently unavailable)
rNeg    . . .        C - +1 robe of Zeiph {Will++}
rPois   .            (helmet restricted)
rElec   .            F - +0 cloak
rCorr   +            (gloves unavailable)
SInv    .            (boots unavailable)
Will    ++...        h - amulet of reflection
Stlth   +            p - ring of resist corrosion
HPRegen 1.13/turn    u - ring of protection from fire
MPRegen 0.11/turn

%: reflection
@: blade hands, lightly drained
A: large, unfitting armour, claws 3, regeneration 1, shaggy fur 1, tough skin 1,
no earth magic, no summoning magic, no transmutations magic
a: Begin Untransformation, Renounce Religion, Sacrifice Essence, Sacrifice
Health, Sacrifice an Eye, Reject Sacrifices


You were on level 9 of the Dungeon.
You worshipped Ru.
Ru was aware of your devotion.
You had blades for hands.
You visited 2 branches of the dungeon, and saw 10 of its levels.

You collected 320 gold pieces.


Innate Abilities, Weirdness & Mutations

You have blades for hands.
You are incapable of wielding weapons or throwing items.
You are too large for most types of armour.
You have claws for hands.
Your natural rate of healing is unusually fast.
You are covered in fur. (AC +1)
You have tough skin. (AC +1)
You cannot study or cast Earth magic.
You cannot study or cast Summoning magic.
You cannot study or cast Transmutations magic.


   Skills:
 - Level 0.7 Fighting
 - Level 1.5 Dodging
 + Level 11.8 Unarmed Combat
 + Level 11.0 Shapeshifting


You had 9 spell levels left.
You didn't know any spells.
Your spell library contained the following spells:

 Spells                   Type           Power      Damage    Failure   Level
 Lesser Beckoning         Tloc           0%         N/A       58%         2
 Gell's Gravitas          Tloc           0%         N/A       83%         3
 Portal Projectile        Hex/Tloc       0%         N/A       83%         3
 Teleport Other           Tloc           0%         N/A       83%         3
 Tukima's Dance           Hex            0%         N/A       83%         3
 Iskenderun's Mystic Bla  Conj/Tloc      0%         2d3       99%         4

Inventory:

Hand Weapons
 s - the +8 autumn katana {manifold assault}
   (You found it on level 3 of the Dungeon)
Armour
 z - a +0 robe of resistance
   (You took it off Blork the orc on level 6 of the Dungeon)
 C - the +1 robe of Zeiph (worn) {Will++}
   (You found it on level 7 of the Dungeon)

   Will++:    It greatly increases your willpower.
 F - a +0 cloak (worn)
   (You found it on level 5 of the Dungeon)
 I - +0 acid dragon scales
   (You found it on level 8 of the Dungeon)
Jewellery
 h - an amulet of reflection (around neck)
   (You found it on level 1 of the Dungeon)
 o - a ring of flight
   (You found it on level 6 of the Dungeon)
 p - a ring of resist corrosion (left blade hand)
   (You found it on level 3 of the Dungeon)
 q - an amulet of the acrobat
   (You found it on level 5 of the Dungeon)
 u - a ring of protection from fire (right blade hand)
   (You found it on level 4 of the Dungeon)
 v - an amulet of faith
   (You found it on level 5 of the Dungeon)
 B - an amulet of guardian spirit
   (You found it on level 7 of the Dungeon)
 H - a +6 ring of strength
   (You found it on level 8 of the Dungeon)
Talismans
 c - a beast talisman
 d - a flux talisman
 E - a blade talisman (active)
   (You found it on level 7 of the Dungeon)
Wands
 b - a wand of light (7)
   (You found it on level 7 of the Dungeon)
 l - a wand of flame (18)
   (You took it off a goblin on level 2 of the Dungeon)
Scrolls
 a - 2 scrolls of vulnerability
 e - 6 scrolls of teleportation
 g - 2 scrolls of noise
 k - 5 scrolls of enchant armour
 r - a scroll of immolation
 t - 2 scrolls of poison
 w - a scroll of torment
 y - 2 scrolls of fog
 A - a scroll of brand weapon
 J - a scroll of revelation {unknown}
Potions
 i - 2 potions of enlightenment
 j - 2 potions of attraction
 n - 2 potions of degeneration
 x - a potion of berserk rage {unknown}
 D - a potion of ambrosia {unknown}

Dungeon Overview and Level Annotations

Branches:
Dungeon (9/15) Zot: 26816  Temple (1/1) D:4 Zot: 5967    Lair (0/5) D:9
    Orc: D:9-12

Altars:
Ashenzari
Cheibriados
Dithmenos
Fedhas
Gozag
Hepliaklqana
Kikubaaqudgha
Makhleb
Nemelex Xobeh
Okawaru
Qazlal
Ru
Sif Muna
Trog
Uskayaw
Vehumet
Wu Jian
Xom
Yredelemnul
The Shining One

Shops:
D:4 [([(

Annotations:
D:6 1 runed translucent door, Adrian566's ghost, novice TrSh

...#....o....!..#
...#............#
...#............#
..........!.....#
..†Y#.##...#....#
....#.....#..Y..#
..Y.#.....#.....#
....#.Y...#....Y#######
....'Y....#...Yr@.<...#
....#######...........#
......................#
......................#
.......#+#............#
.####### #............#
.# #............# )#
#...........<# )#
#.#####'#...##


You could see 3 death yaks and a hell rat.


Message History

😕 HP[-3]
You take 3 damage, and now have 76/83 hp.
You slice the quokka!!
You kill the quokka!
You block the quokka's attack.
Unknown command.
You closely miss the quokka. The quokka barely misses you. 😕 HP[+1]
You closely miss the quokka. The quokka bites you. 😕 HP[-2]
You take 2 damage, and now have 75/83 hp.
The death yak snorts and paws the ground. 😕 HP[+1] 😕 HP[+1]
You open the door. The hell rat bites you. 😕 HP[-1]
You take 1 damage, and now have 76/83 hp.
The hell rat attacks as it pursues you! The hell rat bites you!
You feel drained. You block the hell rat's attack.
There is an open door, spattered with blood here. 😮 HP[-17]
You now have 80 max hp (-3).
You take 17 damage, and now have 59/80 hp.
MASSIVE DAMAGE!! (PAUSE) 😮 HP[+1] Unknown command.
There is an open door, spattered with blood here. 😕 HP[+1] Unknown command.
The quokka bites you. 😮 HP[-3]
You take 3 damage, and now have 58/80 hp.
You slice the quokka!!
You kill the quokka! 😮 HP[+1]
You slash the death yak! The death yak gores you!!
* * * LOW HITPOINT WARNING * * *
😨 HP[-24]
You take 24 damage, and now have 35/80 hp.
MASSIVE DAMAGE!! (PAUSE)
Okay, then.
Blink to where?
Press: ? - help, Dir - move target
As you read the scroll of blinking, it crumbles to dust.
An orc priest comes into view.
It is wielding a +0 war axe. 😨 HP[+1] Unknown command. 😨 HP[+1] 😨 HP[+1] 😨 HP[+1] 😨 HP[+1]
You slash the death yak!
The death yak closely misses you. 😮 HP[+1]
You hit the death yak but do no damage. 😮 HP[+1]
You hit the death yak. The death yak gores you!
* * * LOW HITPOINT WARNING * * *
The orc priest begins to cast a cantrip, but forgets the words! 😨 HP[-9]
You take 9 damage, and now have 33/80 hp.
You hit the death yak but do no damage. The death yak closely misses you.
The orc priest calls down the wrath of Beogh upon you.
Beogh smites you!
* * * LOW HITPOINT WARNING * * *
😨 HP[-11]
You take 11 damage, and now have 22/80 hp.
You slice the death yak!!
The death yak gores you but does no damage. 😨 HP[+1] Unknown command.
You hit the death yak. The death yak gores you!
* * * LOW HITPOINT WARNING * * *
😱 HP[-14]
You take 14 damage, and now have 9/80 hp.
Unknown command.
As you read the scroll of fear, it crumbles to dust.
You assume a fearsome visage.
The death yak resists with almost no effort.
The orc priest looks frightened!
The death yak closely misses you. 😱 HP[+1] 😱 HP[+1] 😱 HP[+1]
The death yak attacks as it pursues you!
The death yak misses you. 😱 HP[+1]
The death yak snorts and paws the ground.
The death yak attacks as it pursues you!
The death yak gores you!
* * * LOW HITPOINT WARNING * * *
😱 HP[-12]
You take 12 damage, and now have 1/80 hp.
Unknown command.
You feel better. The death yak misses you.
The death yak gores you but does no damage. 😱 HP[+7]
You regained 7 hp, and now have 8/80 hp.
Unknown command.
The death yak gores you!!
You die...

Skill      XL: |  1  2  3  4  5  6  7  8  9 10 |
---------------+-------------------------------+-----
Unarmed Combat | 4 5 6 7 8 10 11 | 11.8
Shapeshifting  | 4 5 6 8 9 11 | 11.0
Fighting       | |  0.7
Dodging        | |  1.5

Action                     |  1- 3 |  4- 6 |  7- 9 | 10-12 || total
---------------------------+-------+-------+-------+-------++-------
  Melee: Unarmed           |    82 |    60 |   221 |    95 ||   458
         Punch             |     1 |     1 |    10 |     7 ||    19
 Invoke: Sacrifice Arcana  |       |       |     1 |       ||     1
    Use: Potion            |       |       |    10 |     1 ||    11
         Scroll            |       |       |    12 |     2 ||    14
   Stab: Sleeping          |     2 |       |       |       ||     2
 Armour: Animal skin       |    24 |    17 |    33 |       ||    74
         Skin              |       |       |    24 |       ||    24
         Robe              |       |       |    13 |     8 ||    21
  Dodge: Dodged            |    34 |    16 |    84 |    44 ||   178
  Block: Other             |    18 |    11 |    43 |    16 ||    88
         Reflection        |       |       |     3 |       ||     3
   Form: Blade             |       |       |     2 |       ||     2
         Beast             |       |       |     1 |       ||     1

Levels and vault maps discovered:
D:1:      psy_arrival_dodecagon, layout_rooms,
          shapermc_ecumenical_altar_mp_vishouse, hangedman_decor_points
D:2:      layout_loops_ring
D:3:      layout_basic, grunt_temple_overflow_open, ebering_ghost_inner_flame
D:4:      layout_layer_cave, trog_antimagical, minmay_temple_entry_proselytizer,
          minmay_shop_grid_forest, kennysheep_generic_room_13
D:5:      layout_basic, grunt_ministairs_13, uniq_duvessa, uniq_pikel
D:6:      layout_cave_pods, gammafunk_ghost_grave, minmay_microvault,
          uniq_blork_the_orc, uniq_menkaure
D:7:      layout_layer_cave, lemuel_coloured_pillars_altar, uniq_jeremiah
D:8:      layout_basic, nicolae_qazlal_eye_of_the_storm, uniq_joseph
D:9:      minmay_the_grid_triangle_9x9_rhombus_full
          [minmay_the_grid_triangle_9x9_thin_v,
          minmay_the_grid_triangle_9x9_tough_junction,
          minmay_the_grid_triangle_9x9_dagger,
          minmay_the_grid_triangle_9x9_sprig,
          minmay_the_grid_triangle_9x9_minimal,
          minmay_the_grid_triangle_9x9_wacky_v,
          minmay_the_grid_triangle_9x9_negative_grid,
          minmay_the_grid_triangle_9x9_prize_schism], layout_irregular_city,
          mainiacjoe_overflow_cross_hatched, dpeg_lair_monsters,
          serial_park_tiny_pond
Temple:   compressed_dpeg_circular_temple

Notes
Turn   | Place    | Note
-------+----------+-------------------------------------------
     0 | D:1      | ytrimaz the Troll Shapeshifter began the quest for the Orb.
     0 | D:1      | Reached XP level 1. HP: 18/18 MP: 0/0
     0 | D:1      | magus.rc [v1.9.6]
   118 | D:1      | Found a faded altar of an unknown god.
   265 | D:1      | Reached XP level 2. HP: 26/26 MP: 1/1
   460 | D:1      | Upgraded the game from 0.31-a0-640-g39d97e502b to
                  | 0.31-a0-654-gbe3e110b4e
   460 | D:1      | magus.rc [v1.9.6]
   460 | D:1      | magus.rc [v1.9.6]
   627 | D:2      | Reached XP level 3. HP: 32/32 MP: 2/2
   882 | D:2      | You pick up a book of Weapons and begin reading...
   882 | D:2      | You add the spells Tukima's Dance, Portal Projectile and
                  | Iskenderun's Mystic Blast to your library.
  1320 | D:3      | Reached skill level 4 in Unarmed Combat
  1343 | D:3      | Found an ornate altar of the Wu Jian Council.
  1348 | D:3      | Reached XP level 4. HP: 40/40 MP: 3/3
  1348 | D:3      | Found a radiant altar of Vehumet.
  1349 | D:3      | Found a shimmering blue altar of Sif Muna.
  1413 | D:3      | Noticed a phantom
  1429 | D:3      | Killed a phantom
  1430 | D:3      | Reached skill level 4 in Shapeshifting
  1430 | D:3      | Reached XP level 5. HP: 46/46 MP: 4/4
  1557 | D:3      | You pick up a book of Displacement and begin reading...
  1557 | D:3      | You add the spells Lesser Beckoning, Gell's Gravitas and
                  | Teleport Other to your library.
  1827 | D:3      | Found a runed translucent door.
  1964 | D:3      | Noticed Farjai's ghost (amateur DsSh)
  1964 | D:3      | Found the +8 autumn katana {manifold assault}
  2109 | D:3      | Killed Farjai's ghost
  2110 | D:3      | Reached skill level 5 in Unarmed Combat
  2110 | D:3      | Reached skill level 5 in Shapeshifting
  2110 | D:3      | Reached XP level 6. HP: 53/54 MP: 5/5
  2212 | D:4      | Found Fitsiu's Armour Boutique.
  2214 | D:4      | Found Dyanwocka's Antique Armour Boutique.
  2215 | D:4      | Found Vomet's Weapon Boutique.
  2225 | D:4      | Reached skill level 6 in Unarmed Combat
  2226 | D:4      | Reached XP level 7. HP: 55/61 MP: 6/6
  2226 | D:4      | Found Uvofreeh's Antique Weapon Boutique.
  2296 | D:4      | Found a staircase to the Ecumenical Temple.
  2318 | Temple   | Entered the Ecumenical Temple
  2336 | Temple   | Became a worshipper of Ru the Awakened
  2424 | D:4      | Reached skill level 6 in Shapeshifting
  2507 | D:4      | Found a bloodstained altar of Trog.
  3316 | D:5      | Entered Level 5 of the Dungeon
  3445 | D:5      | Noticed a hornet
  3454 | D:5      | HP: 22/91 [hornet (11)]
  3457 | D:5      | Paralysed by a hornet for 3 turns
  3459 | D:5      | HP: 14/91 [hornet (3)]
  3462 | D:5      | HP: 6/91 [poisoned by a hornet]
  3468 | D:5      | HP: 17/91 [hornet (9)]
  3472 | D:5      | HP: 6/91 [hornet (9)]
  3474 | D:5      | Killed a hornet
  3475 | D:5      | Reached skill level 7 in Unarmed Combat
  3475 | D:5      | Reached XP level 8. HP: 10/68 MP: 7/7
  3555 | D:5      | Noticed Duvessa
  3555 | D:5      | Noticed Dowan
  3558 | D:5      | Killed Dowan
  3566 | D:5      | Killed Duvessa
  3567 | D:5      | Reached skill level 7 in Shapeshifting
  3634 | D:5      | Identified the +3 spear "Xeroig" {holy, Contam *Rage Fly
                  | Will++}
  3709 | D:5      | Noticed Pikel
  3726 | D:5      | Killed Pikel
  3727 | D:5      | Reached skill level 8 in Unarmed Combat
  3751 | D:5      | Reached skill level 8 in Shapeshifting
  3775 | D:5      | Gained mutation: You cannot study or cast Earth magic. [Ru
                  | sacrifice]
  3775 | D:5      | Gained mutation: You cannot study or cast Transmutations
                  | magic. [Ru sacrifice]
  3775 | D:5      | Gained mutation: You cannot study or cast Summoning magic.
                  | [Ru sacrifice]
  3775 | D:5      | Reached * piety under Ru
  4259 | D:6      | Reached XP level 9. HP: 75/75 MP: 8/8
  4332 | D:6      | Reached skill level 9 in Unarmed Combat
  4562 | D:6      | Noticed Blork the orc
  4572 | D:6      | Killed Blork the orc
  4819 | D:6      | Noticed Menkaure
  4825 | D:6      | HP: 17/75 [wyvern (11)]
  4826 | D:6      | HP: 8/75 [Menkaure/nerve-wracking pain (10)]
  4827 | D:6      | Reached skill level 9 in Shapeshifting
  4833 | D:6      | Killed Menkaure
  4923 | D:6      | Reached skill level 10 in Unarmed Combat
  4962 | D:6      | Found a runed translucent door.
  4966 | D:6      | Noticed Adrian566's ghost (novice TrSh)
  5378 | D:7      | Noticed Jeremiah
  5394 | D:7      | Killed Jeremiah
  5508 | D:7      | Identified the +1 robe of Zeiph {Will++}
  5640 | D:7      | Found an iron altar of Okawaru.
  6203 | D:7      | You fall into a shaft and drop 1 floor!
  6314 | D:8      | Reached XP level 10. HP: 82/83 MP: 9/9
  6320 | D:8      | Reached skill level 10 in Shapeshifting
  6348 | D:8      | Identified the +8 hand axe of the Sage {heavy, rC++}
  6414 | D:8      | Reached skill level 11 in Unarmed Combat
  6441 | D:8      | Noticed Joseph
  6449 | D:8      | Killed Joseph
  6505 | D:8      | Identified the +6 hand axe "Mirim" {venom, rF++ Will+}
  6639 | D:8      | Found a stormy altar of Qazlal.
  6748 | D:9      | Noticed a two-headed ogre
  6756 | D:9      | Killed a two-headed ogre
  6820 | D:9      | Reached skill level 11 in Shapeshifting
  6877 | D:9      | Found a staircase to the Lair.
  6877 | D:9      | Noticed a death yak
  6878 | D:9      | Noticed a death yak
  6879 | D:9      | Noticed a death yak
  6905 | D:9      | HP: 9/80 [death yak (15)]
  6910 | D:9      | HP: 1/80 [death yak (13)]
  6912 | D:9      | Demolished by a death yak

Vanquished Creatures
  A two-headed ogre (D:9)
  Pikel (D:5)
  Jeremiah (D:7)
  Joseph (D:8)
  A hornet (D:5)
  A wyvern (D:6)
  6 yaks
  A steam dragon (D:8)
  Menkaure (D:6)
  The ghost of Farjai the Insei, an amateur DsSh of Hepliaklqana (D:3)
  2 water moccasins
  An acid dragon (D:8)
  Duvessa (D:5)
  A sky beast (D:6)
  2 orc warriors (D:8)
  2 black bears (D:4)
  An ogre (D:5)
  2 phantoms
  2 bullfrogs (D:7)
  2 kobold brigands
  3 gnoll sergeants
  Blork the orc (D:6)
  4 scorpions
  5 wights (D:8)
  Dowan (D:5)
  3 killer bees (D:7)
  2 hounds (D:5)
  4 orc priests
  4 jellies
  3 iguanas
  3 sleepcaps
  6 orc wizards
  10 adders
  12 gnolls
  2 ufetubi
  2 worms
  10 orcs
  3 ball pythons
  7 endoplasms
  2 giant cockroaches
  11 goblins
  A hobgoblin (D:2)
  8 quokkas
  8 bats
  4 frilled lizards
  14 kobolds
  5 rats
169 creatures vanquished.

Vanquished Creatures (collateral kills)
  An orc priest (D:8)
  2 orcs (D:8)
3 creatures vanquished.

Grand Total: 172 creatures vanquished

Table legend:
 A = Non-vault XP
 B = Vault XP
 C = Vault XP percentage of total XP
 D = Non-vault monster count
 E = Vault monster count
 F = Vault count percentage of total count
                 A         B        C        D         E       F
            +---------+---------+-------+---------+---------+-------
      Total |    6544 |    2423 |  27.0 |     153 |      19 |  11.0
            +---------+---------+-------+---------+---------+-------
        D:1 |      25 |       0 |   0.0 |      16 |       0 |   0.0
        D:2 |      54 |       0 |   0.0 |      16 |       0 |   0.0
        D:3 |     197 |     245 |  55.4 |      19 |       2 |   9.5
        D:4 |     442 |      48 |   9.8 |      15 |       4 |  21.1
        D:5 |     812 |     951 |  53.9 |      20 |       5 |  20.0
        D:6 |    1085 |     461 |  29.8 |      21 |       3 |  12.5
        D:7 |     654 |     418 |  39.0 |      10 |       1 |   9.1
        D:8 |    2307 |     295 |  11.3 |      30 |       1 |   3.2
        D:9 |     968 |       5 |   0.5 |       6 |       3 |  33.3
            +---------+---------+-------+---------+---------+-------

Skill      XL: |  1  2  3  4  5  6  7  8  9 10 |
---------------+-------------------------------+-----
Unarmed Combat | 4 5 6 7 8 10 11 | 11.8
Shapeshifting  | 4 5 6 8 9 11 | 11.0
Fighting       | |  0.7
Dodging        | |  1.5

Action                     |  1- 3 |  4- 6 |  7- 9 | 10-12 || total
---------------------------+-------+-------+-------+-------++-------
  Melee: Unarmed           |    82 |    60 |   221 |    95 ||   458
         Punch             |     1 |     1 |    10 |     7 ||    19
 Invoke: Sacrifice Arcana  |       |       |     1 |       ||     1
    Use: Potion            |       |       |    10 |     1 ||    11
         Scroll            |       |       |    12 |     2 ||    14
   Stab: Sleeping          |     2 |       |       |       ||     2
 Armour: Animal skin       |    24 |    17 |    33 |       ||    74
         Skin              |       |       |    24 |       ||    24
         Robe              |       |       |    13 |     8 ||    21
  Dodge: Dodged            |    34 |    16 |    84 |    44 ||   178
  Block: Other             |    18 |    11 |    43 |    16 ||    88
         Reflection        |       |       |     3 |       ||     3
   Form: Blade             |       |       |     2 |       ||     2
         Beast             |       |       |     1 |       ||     1

Illustrated notes

Table legend:
 A = Kills in this place as a percentage of kills in the entire game.
 B = Kills by you in this place as a percentage of kills by you in the entire game.
 C = Kills by friends in this place as a percentage of kills by friends in the entire game.
 D = Other kills in this place as a percentage of other kills in the entire game.
 E = Experience gained in this place as a percentage of experience gained in the entire game.
 F = Experience gained in this place divided by the number of levels of this place that you have seen.
                   A       B       C       D       E      F
               +-------+-------+-------+-------+-------+----------------------
         Total | 100.0 | 100.0 | 100.0 |   N/A | 100.0 | 896.7
       Dungeon | 100.0 | 100.0 | 100.0 |   N/A | 100.0 | 996.3
               +-------+-------+-------+-------+-------+----------------------

Table legend: (Time is in decaauts)
 A = Elapsed time spent in this place.
 B = Non-inter-level travel time spent in this place.
 C = Inter-level travel time spent in this place.
 D = Time resting spent in this place.
 E = Time spent auto-exploring this place.
 F = Levels seen in this place.
 G = Mean time per level.
                   A        B        C        D        E       F      G
               +--------+--------+--------+--------+--------+-----+--------+
         Total |   6853 |   6504 |    349 |     70 |   5202 |  10 |  685.3 |
       Dungeon |   6820 |   6484 |    336 |     70 |   5198 |   9 |  757.8 |
        Temple |     32 |     19 |     13 |      0 |      4 |   1 |   32.0 |
               +--------+--------+--------+--------+--------+-----+--------+

Top non-repeatable levels by time:
     D:4: 1129 daAuts
     D:6: 1033 daAuts
     D:5: 972 daAuts
     D:7: 861 daAuts
     D:3: 832 daAuts
     D:2: 708 daAuts
     D:1: 596 daAuts
     D:8: 503 daAuts
     D:9: 182 daAuts
  Temple: 32 daAuts
